[Event "Fagernes GM Swiss 2020"]
[Site "Fagernes"]
[Date "2020.10.07"]
[Round "5.22"]
[White "Grover, Sigurd Loe"]
[Black "Machlik, Monika"]
[Result "1/2-1/2"]
[ECO "E11"]
[WhiteElo "2145"]
[BlackElo "2082"]
[Annotator "ChessBase"]
[PlyCount "64"]
[EventDate "2020.10.04"]
[EventType "swiss"]
[EventCountry "NOR"]
[SourceTitle "playchess.com"]
[Source "ChessBase"]
[SourceQuality "1"]
[TimeControl "40/6000+30:2400+30"]

1. d4 Nf6 2. Nf3 e6 3. c4 Bb4+ 4. Bd2 a5 5. a3 Bxd2+ 6. Qxd2 d6 7. Nc3 Nc6 8. Rd1 O-O 9. e4 Qe7 10. Be2 e5 11. dxe5 Nxe5 12. Nd4 c6 13. O-O Qc7 14. h3 Ng6 15. Rfe1 Re8 16. Bf1 Ne5 17. f4 Ng6 18. g3 Nh5 19. Kh2 Nf6 20. Bg2 h6 21. Nc2 Qb6 22. b4 axb4 23. axb4 h5 24. Qxd6 h4 25. c5 hxg3+ 26. Kh1 Qa6 27. Bf1 g2+ 28. Kxg2 b5 29. Bd3 Re6 30. Qd8+ Re8 31. Qd6 Re6 32. Qd8+ Re8 1/2-1/2

[Event "Fagernes GM Swiss 2020"]
[Site "Fagernes"]
[Date "2020.10.07"]
[Round "5.24"]
[White "Fuglestein, Sander"]
[Black "Kvendseth, Thyra"]
[Result "1/2-1/2"]
[ECO "E62"]
[WhiteElo "2109"]
[BlackElo "2017"]
[Annotator "ChessBase"]
[PlyCount "65"]
[EventDate "2020.10.04"]
[EventType "swiss"]
[EventCountry "NOR"]
[SourceTitle "playchess.com"]
[Source "ChessBase"]
[SourceQuality "1"]
[TimeControl "40/6000+30:2400+30"]

1. d4 Nf6 2. c4 g6 3. Nf3 Bg7 4. g3 d6 5. Bg2 O-O 6. O-O c6 7. Nc3 Bf5 8. b3 Ne4 9. Bb2 Nxc3 10. Bxc3 Be4 11. Qd2 Nd7 12. Rfd1 Qc7 13. Qf4 Bf5 14. e4 e5 15. Qh4 Bf6 16. Ng5 Bxg5 17. Qxg5 f6 18. Qd2 Bg4 19. f3 Be6 20. Rac1 c5 21. dxe5 dxe5 22. Qd6 Qxd6 23. Rxd6 Kf7 24. f4 Ke7 25. Rcd1 Rad8 26. Kf2 h6 27. Ke3 g5 28. Bf3 Rg8 29. Ba5 b6 30. Bc3 g4 31. Be2 h5 32. a4 a5 33. R1d2 1/2-1/2

[Event "Fagernes GM Swiss 2020"]
[Site "Fagernes"]
[Date "2020.10.08"]
[Round "6.6"]
[White "Dahl, Trygve"]
[Black "Elsness, Frode"]
[Result "0-1"]
[ECO "B55"]
[WhiteElo "2211"]
[BlackElo "2454"]
[Annotator "RC"]
[PlyCount "146"]
[EventDate "2020.10.04"]
[EventType "swiss"]
[EventCountry "NOR"]
[SourceTitle "playchess.com"]
[Source "ChessBase"]
[SourceQuality "1"]
[TimeControl "40/6000+30:2400+30"]

1. e4 c5 2. Nf3 d6 3. d4 cxd4 4. Nxd4 Nf6 5. f3 e5 6. Bb5+ Nbd7 7. Nf5 d5 8. exd5 a6 9. Ba4 b5 10. Bb3 Nc5 11. Ne3 Bd6 12. O-O e4 13. Nc3 O-O 14. Qe1 Re8 15. Qh4 Re5 16. f4 Rh5 17. Qf2 Nxb3 18. axb3 Bc5 19. Qe2 Bg4 20. Qe1 Bd7 21. Qe2 Rh6 22. Kh1 Bxe3 23. Bxe3 b4 24. f5 bxc3 25. bxc3 Rh5 26. g4 Rh4 27. Bg5 Rh3 28. c4 h6 29. Kg2 Rf3 30. Bh4 g5 31. Bg3 Nxg4 32. Qxe4 Rxf1 33. Rxf1 Nf6 34. Qd4 Nh5 35. c5 Ng7 36. f6 Nf5 37. Qe5 Nxg3 38. Kxg3 Qa5 39. Qd4 Re8 40. c6 Qc7+ 41. Kg2 Bxc6 42. dxc6 Qxc6+ 43. Kg3 Qc7+ 44. Kg2 Qxc2+ 45. Rf2 Qe4+ 46. Qxe4 Rxe4 47. Ra2 Re6 48. h4 Kh7 49. hxg5 hxg5 50. Kg3 Kg6 51. Kg4 Rb6 52. Ra3 Rb4+ 53. Kg3 a5 54. Rxa5 Rxb3+ 55. Kg4 Rb4+ 56. Kg3 Kxf6 57. Ra8 Kf5 58. Ra5+ Kg6 59. Ra6+ f6 60. Rc6 Rf4 61. Rc8 Re4 62. Rc6 Kf5 63. Rc5+ Re5 64. Rc4 Re3+ 65. Kf2 Ra3 66. Rc6 g4 67. Kg2 Kg5 68. Rc8 f5 69. Rc5 Re3 70. Kf2 Rf3+ 71. Kg2 Kh4 72. Ra5 Rf4 73. Ra8 Rb4 0-1

[Event "Fagernes GM Swiss 2020"]
[Site "Fagernes"]
[Date "2020.10.09"]
[Round "7.1"]
[White "Urkedal, Frode Olav Olsen"]
[Black "Notkevich, Benjamin Arvola"]
[Result "1-0"]
[ECO "C10"]
[WhiteElo "2549"]
[BlackElo "2482"]
[Annotator "ChessBase"]
[PlyCount "77"]
[EventDate "2020.10.04"]
[EventType "swiss"]
[EventCountry "NOR"]
[SourceTitle "playchess.com"]
[Source "ChessBase"]
[SourceQuality "1"]
[TimeControl "40/6000+30:2400+30"]

1. d4 e6 2. e4 d5 3. Nc3 dxe4 4. Nxe4 Nd7 5. g3 Ngf6 6. Nxf6+ Nxf6 7. Bg2 c5 8. Nf3 Be7 9. O-O O-O 10. a4 cxd4 11. Qxd4 Qxd4 12. Nxd4 e5 13. Re1 Ng4 14. Nb3 Bd6 15. h3 Nf6 16. Na5 e4 17. Nc4 Rd8 18. Rd1 Be7 19. Rxd8+ Bxd8 20. Nd6 Bb6 21. a5 Bc5 22. Nxe4 Nxe4 23. Bxe4 a6 24. Kg2 Bd7 25. Bxb7 Re8 26. Be3 Bxe3 27. fxe3 Bb5 28. e4 f5 29. Bd5+ Kf8 30. c4 Bd7 31. Rf1 Rb8 32. Rf2 Rb4 33. exf5 Ke7 34. g4 Ra4 35. g5 Rxa5 36. f6+ gxf6 37. gxf6+ Kf8 38. Kh2 Be8 39. f7 1-0

[Event "Fagernes GM Swiss 2020"]
[Site "Fagernes"]
[Date "2020.10.09"]
[Round "7.2"]
[White "Ingebretsen, Jens E"]
[Black "Postny, Evgeny"]
[Result "0-1"]
[ECO "C54"]
[WhiteElo "2220"]
[BlackElo "2603"]
[Annotator "ChessBase"]
[PlyCount "160"]
[EventDate "2020.10.04"]
[EventType "swiss"]
[EventCountry "NOR"]
[SourceTitle "playchess.com"]
[Source "ChessBase"]
[SourceQuality "1"]
[TimeControl "40/6000+30:2400+30"]

1. e4 e5 2. Nf3 Nc6 3. Bc4 Bc5 4. O-O Nf6 5. d3 h6 6. c3 d6 7. Nbd2 a5 8. Re1 O-O 9. Nf1 Bb6 10. Be3 Bxe3 11. Nxe3 Ne7 12. Qc2 Ng4 13. d4 Nxe3 14. Rxe3 Ng6 15. g3 Bh3 16. Bf1 Be6 17. h4 Qf6 18. Kh2 Rfe8 19. Bh3 Bxh3 20. Kxh3 Rad8 21. Kg2 Qe6 22. Qb3 Qc8 23. Rd1 exd4 24. cxd4 c6 25. Rde1 Nf8 26. Qc3 Qc7 27. Nd2 d5 28. e5 Ne6 29. f4 Qb6 30. Nb3 a4 31. Nc5 Nxc5 32. dxc5 Qb5 33. Qd4 b6 34. Rc1 Rb8 35. b3 axb3 36. axb3 Qa6 37. b4 Qa2+ 38. Kg1 bxc5 39. Qxc5 Rec8 40. e6 fxe6 41. Rxe6 Qb3 42. Qc3 Rxb4 43. Qxb3 Rxb3 44. Kg2 c5 45. Re7 Ra8 46. Rxc5 Raa3 47. Rxd5 Rxg3+ 48. Kf2 Raf3+ 49. Ke2 Rxf4 50. h5 Kh7 51. Ree5 Rh3 52. Ra5 Rff3 53. Rf5 Rb3 54. Rab5 Rh2+ 55. Kf1 Rg3 56. Ra5 Rgg2 57. Rab5 Ra2 58. Kg1 Rhg2+ 59. Kh1 Rg4 60. Ra5 Rxa5 61. Rxa5 Rg5 62. Ra6 Rxh5+ 63. Kg2 Rf5 64. Rb6 h5 65. Ra6 g6 66. Rb6 Kh6 67. Ra6 Rb5 68. Rc6 Kg5 69. Ra6 h4 70. Ra4 Kh5 71. Rc4 g5 72. Ra4 Rb2+ 73. Kg1 h3 74. Rc4 g4 75. Ra4 Kh4 76. Ra1 Re2 77. Rb1 g3 78. Kh1 Kg4 79. Ra1 Re4 80. Rb1 h2 0-1

[Event "Fagernes GM Swiss 2020"]
[Site "Fagernes"]
[Date "2020.10.09"]
[Round "7.3"]
[White "Elsness, Frode"]
[Black "Haug, Johannes"]
[Result "0-1"]
[ECO "E48"]
[WhiteElo "2454"]
[BlackElo "2481"]
[Annotator "ChessBase"]
[PlyCount "76"]
[EventDate "2020.10.04"]
[EventType "swiss"]
[EventCountry "NOR"]
[SourceTitle "playchess.com"]
[Source "ChessBase"]
[SourceQuality "1"]
[TimeControl "40/6000+30:2400+30"]

1. d4 Nf6 2. c4 e6 3. Nc3 Bb4 4. e3 O-O 5. Bd3 c5 6. Nge2 d5 7. cxd5 cxd4 8. exd4 Nxd5 9. O-O Nc6 10. Nxd5 exd5 11. Be3 Bd6 12. Nf4 Bxf4 13. Bxf4 Nxd4 14. Bxh7+ Kxh7 15. Qxd4 Be6 16. Rfc1 Qh4 17. Rc7 b6 18. Rac1 Rfc8 19. h3 Qh5 20. Be5 Qg5 21. Kh2 Qg6 22. R1c3 Rxc7 23. Rxc7 Kg8 24. f3 f6 25. Bg3 Qe8 26. h4 b5 27. Bd6 Qd8 28. Qf4 Rc8 29. Rxa7 Rc6 30. Bc7 Qe8 31. Qg3 Bd7 32. Bf4 Kh7 33. Be3 Rc4 34. b3 Rc8 35. Bd4 Ra8 36. Rb7 Rxa2 37. Bxf6 gxf6 38. Qg4 Ra7 0-1

[Event "Fagernes GM Swiss 2020"]
[Site "Fagernes"]
[Date "2020.10.09"]
[Round "7.4"]
[White "Holm, Kristian Stuvik"]
[Black "Kaasen, Tor Fredrik"]
[Result "1/2-1/2"]
[ECO "D02"]
[WhiteElo "2465"]
[BlackElo "2386"]
[Annotator "ChessBase"]
[PlyCount "47"]
[EventDate "2020.10.04"]
[EventType "swiss"]
[EventCountry "NOR"]
[SourceTitle "playchess.com"]
[Source "ChessBase"]
[SourceQuality "1"]
[TimeControl "40/6000+30:2400+30"]

1. d4 d5 2. Nf3 Nf6 3. Bf4 e6 4. Nbd2 Bd6 5. e3 O-O 6. Bd3 Bxf4 7. exf4 Qd6 8. g3 b6 9. O-O c5 10. Re1 Ba6 11. Rc1 Rc8 12. Bxa6 Nxa6 13. c3 b5 14. Ne5 c4 15. g4 Rc7 16. g5 Nd7 17. Nxd7 Rxd7 18. Qg4 Re7 19. Re3 Nb8 20. Rce1 Nd7 21. f5 exf5 22. Qxf5 Rxe3 23. Rxe3 a5 24. a3 1/2-1/2

[Event "Fagernes GM Swiss 2020"]
[Site "Fagernes"]
[Date "2020.10.09"]
[Round "7.5"]
[White "Unneland, Mathias"]
[Black "Starostits, Ilmars"]
[Result "1/2-1/2"]
[ECO "B33"]
[WhiteElo "2149"]
[BlackElo "2464"]
[Annotator "ChessBase"]
[PlyCount "112"]
[EventDate "2020.10.04"]
[EventType "swiss"]
[EventCountry "NOR"]
[SourceTitle "playchess.com"]
[Source "ChessBase"]
[SourceQuality "1"]
[TimeControl "40/6000+30:2400+30"]

1. e4 c5 2. Nf3 Nc6 3. d4 cxd4 4. Nxd4 Qb6 5. Nb3 Nf6 6. Nc3 e6 7. Be3 Qc7 8. a3 a6 9. f4 d6 10. g4 h6 11. Bg2 Be7 12. h4 h5 13. g5 Ng4 14. Bg1 b5 15. Bf3 b4 16. axb4 Nxb4 17. Rc1 Rb8 18. Bxg4 hxg4 19. Qxg4 e5 20. f5 d5 21. h5 d4 22. Nxd4 exd4 23. Bxd4 Rg8 24. g6 f6 25. h6 gxh6 26. g7 Qc4 27. Rxh6 Qf7 28. Rh8 Bb7 29. Rxg8+ Qxg8 30. Qg6+ Kd7 31. Bxf6 Bxf6 32. Qxf6 Re8 33. Qd4+ Kc8 34. Qxb4 Qxg7 35. Qc5+ Kb8 36. Rd1 Rh8 37. Qd6+ Ka8 38. Kf2 Qg5 39. Qg3 Qe7 40. Rd6 Rf8 41. Qf4 Qh7 42. Nd5 Qh1 43. Rh6 Qd1 44. Nc7+ Ka7 45. Qe3+ Kb8 46. Nxa6+ Ka8 47. Nb4 Rg8 48. Qa3+ Kb8 49. Na6+ Ka8 50. Nb4+ Kb8 51. Nc6+ Bxc6 52. Qb3+ Ka7 53. Rh7+ Ka6 54. Qxg8 Qd4+ 55. Kf1 Qd1+ 56. Kf2 Qd4+ 1/2-1/2

[Event "Fagernes GM Swiss 2020"]
[Site "Fagernes"]
[Date "2020.10.09"]
[Round "7.6"]
[White "Ranaldi, Lucas"]
[Black "Hobber, Anders"]
[Result "1/2-1/2"]
[ECO "D15"]
[WhiteElo "2334"]
[BlackElo "2386"]
[Annotator "ChessBase"]
[PlyCount "27"]
[EventDate "2020.10.04"]
[EventType "swiss"]
[EventCountry "NOR"]
[SourceTitle "playchess.com"]
[Source "ChessBase"]
[SourceQuality "1"]
[TimeControl "40/6000+30:2400+30"]

1. c4 c6 2. Nf3 d5 3. e3 Nf6 4. Nc3 a6 5. d4 b5 6. b3 Bg4 7. a4 b4 8. Nb1 Nbd7 9. Bb2 e6 10. Nbd2 Bd6 11. Be2 Qb8 12. h3 Bf5 13. Nh4 Be4 14. Nhf3 1/2-1/2

[Event "Fagernes GM Swiss 2020"]
[Site "Fagernes"]
[Date "2020.10.09"]
[Round "7.7"]
[White "Galinsky, Timofey"]
[Black "Agdestein, Simen"]
[Result "0-1"]
[ECO "D02"]
[WhiteElo "2370"]
[BlackElo "2552"]
[Annotator "ChessBase"]
[PlyCount "56"]
[EventDate "2020.10.04"]
[EventType "swiss"]
[EventCountry "NOR"]
[SourceTitle "playchess.com"]
[Source "ChessBase"]
[SourceQuality "1"]
[TimeControl "40/6000+30:2400+30"]

1. d4 Nf6 2. Nf3 e6 3. c3 d5 4. Bf4 Bd6 5. Bg3 c5 6. e3 Qc7 7. Nbd2 Nbd7 8. Bd3 O-O 9. Bxd6 Qxd6 10. O-O e5 11. dxe5 Nxe5 12. Nxe5 Qxe5 13. Qa4 Bd7 14. Qh4 Rfe8 15. Rfe1 Bc6 16. Rad1 a5 17. f4 Qc7 18. g4 Ne4 19. Nf3 f6 20. g5 Qe7 21. Bxe4 Qxe4 22. Nd2 Qg6 23. Qg3 fxg5 24. fxg5 Qc2 25. e4 dxe4 26. Nc4 e3 27. g6 Re4 28. gxh7+ Kh8 0-1

[Event "Fagernes GM Swiss 2020"]
[Site "Fagernes"]
[Date "2020.10.09"]
[Round "7.8"]
[White "Miezis, Normunds"]
[Black "Dahl, Trygve"]
[Result "0-1"]
[ECO "A10"]
[WhiteElo "2485"]
[BlackElo "2211"]
[Annotator "ChessBase"]
[PlyCount "84"]
[EventDate "2020.10.04"]
[EventType "swiss"]
[EventCountry "NOR"]
[SourceTitle "playchess.com"]
[Source "ChessBase"]
[SourceQuality "1"]
[TimeControl "40/6000+30:2400+30"]

1. c4 f5 2. g3 Nf6 3. Bg2 d6 4. Nc3 e6 5. d3 Be7 6. e4 e5 7. exf5 Bxf5 8. Bxb7 Nbd7 9. Qf3 Bg4 10. Qc6 Rb8 11. Be3 O-O 12. h3 Bf5 13. O-O-O Nc5 14. Bxc5 dxc5 15. Nf3 Bd7 16. Qa6 Bd6 17. Nb5 Bxb5 18. cxb5 Kh8 19. Rhe1 Nd7 20. Be4 Rb6 21. Qa4 Nb8 22. Nd2 a6 23. bxa6 Rxa6 24. Qc4 Ra7 25. Re2 Nd7 26. Kb1 Qe7 27. Qc2 Rb8 28. Nc4 Nf8 29. Bg2 Ne6 30. Qd2 Nd4 31. Re4 Qd7 32. a3 Qa4 33. Rde1 Qb3 34. Qd1 Qb5 35. f4 Rxa3 36. Rxd4 cxd4 37. fxe5 Be7 38. Re2 Ra4 39. Be4 Qa6 40. Kc2 Ra1 41. Qxa1 Qxa1 42. Bc6 Bg5 0-1

[Event "Fagernes GM Swiss 2020"]
[Site "Fagernes"]
[Date "2020.10.09"]
[Round "7.9"]
[White "Vitenberg, Noam Aviv"]
[Black "Haldorsen, Benjamin"]
[Result "1/2-1/2"]
[ECO "A75"]
[WhiteElo "2298"]
[BlackElo "2469"]
[Annotator "ChessBase"]
[PlyCount "99"]
[EventDate "2020.10.04"]
[EventType "swiss"]
[EventCountry "NOR"]
[SourceTitle "playchess.com"]
[Source "ChessBase"]
[SourceQuality "1"]
[TimeControl "40/6000+30:2400+30"]

1. d4 Nf6 2. c4 c5 3. d5 e6 4. Nc3 exd5 5. cxd5 d6 6. e4 g6 7. Nf3 a6 8. a4 Bg4 9. Be2 Bxf3 10. Bxf3 Bg7 11. Bf4 O-O 12. O-O Ne8 13. a5 Nd7 14. Qd2 Rb8 15. Be2 Qe7 16. Rfe1 Kh8 17. Bg3 g5 18. Nd1 Be5 19. Ra4 Ng7 20. Ne3 Rbe8 21. Bg4 Bxg3 22. hxg3 Ne5 23. Bf5 f6 24. b4 c4 25. Rc1 Nxf5 26. Nxf5 Qd7 27. Ra3 Rc8 28. Qd4 g4 29. Rac3 Rg8 30. f4 gxf3 31. gxf3 Qf7 32. f4 Ng4 33. Kg2 Qd7 34. Ne3 Nxe3+ 35. Rxe3 Qe7 36. Rxc4 Rxc4 37. Qxc4 Re8 38. Kf3 Qf7 39. Kg2 Qe7 40. Re2 Qf7 41. Rc2 Qg6 42. Re2 Qg4 43. Qd3 Qg6 44. Qd4 Kg8 45. Qe3 Qf7 46. Qf3 Qg6 47. Qe3 Qf7 48. Qb6 Qd7 49. Qd4 Qe7 50. Qe3 1/2-1/2

[Event "Fagernes GM Swiss 2020"]
[Site "Fagernes"]
[Date "2020.10.09"]
[Round "7.10"]
[White "Vestby-Ellingsen, Mads"]
[Black "Abdrlauf, Elham"]
[Result "0-1"]
[ECO "D24"]
[WhiteElo "2362"]
[BlackElo "2362"]
[Annotator "ChessBase"]
[PlyCount "76"]
[EventDate "2020.10.04"]
[EventType "swiss"]
[EventCountry "NOR"]
[SourceTitle "playchess.com"]
[Source "ChessBase"]
[SourceQuality "1"]
[TimeControl "40/6000+30:2400+30"]

1. d4 d5 2. c4 e6 3. Nf3 Nf6 4. Nc3 dxc4 5. e4 b5 6. e5 Nd5 7. Nxb5 Nb6 8. Be2 Be7 9. O-O O-O 10. Qd2 Nc6 11. Qf4 Nb4 12. Qg3 Kh8 13. Rd1 Rb8 14. Nc3 Bb7 15. Bg5 f5 16. exf6 gxf6 17. Bh6 Rg8 18. Qh3 Qd7 19. Rac1 N4d5 20. b3 cxb3 21. axb3 Nxc3 22. Rxc3 Nd5 23. Rcc1 Bd6 24. Qh4 Qf7 25. Ne1 Qg6 26. g3 Ne7 27. Qh5 Qxh5 28. Bxh5 Nf5 29. Be3 Bd5 30. b4 Rxb4 31. Ra1 Nxe3 32. fxe3 Rb2 33. Nd3 Rg2+ 34. Kf1 Rxh2 35. g4 Bf3 36. Nf2 Bg3 37. Rd2 Bxf2 38. Raa2 Rxh5 0-1

[Event "Fagernes GM Swiss 2020"]
[Site "Fagernes"]
[Date "2020.10.09"]
[Round "7.11"]
[White "Skotheim, Andreas"]
[Black "Carlsson, Ludvig"]
[Result "0-1"]
[ECO "C77"]
[WhiteElo "2120"]
[BlackElo "2281"]
[Annotator "ChessBase"]
[PlyCount "152"]
[EventDate "2020.10.04"]
[EventType "swiss"]
[EventCountry "NOR"]
[SourceTitle "playchess.com"]
[Source "ChessBase"]
[SourceQuality "1"]
[TimeControl "40/6000+30:2400+30"]

1. e4 e5 2. Nf3 Nc6 3. Bb5 a6 4. Ba4 Nf6 5. O-O Be7 6. d3 b5 7. Bb3 d6 8. a3 O-O 9. Nc3 Na5 10. Ba2 Be6 11. b4 Bxa2 12. Rxa2 Nc6 13. Bg5 Ng4 14. Bd2 Nf6 15. Bg5 Ng4 16. Bd2 Qd7 17. Nd5 f5 18. exf5 Rxf5 19. h3 Nh6 20. Bxh6 gxh6 21. Nd2 Kh8 22. a4 Rg8 23. axb5 Rfg5 24. Ne3 Nxb4 25. Rxa6 Nxa6 26. bxa6 Qc6 27. Ne4 R5g6 28. Qa1 Ra8 29. Nf5 Bd8 30. a7 Qb7 31. Rb1 Rxa7 32. Rxb7 Rxa1+ 33. Kh2 Ra8 34. c4 Kg8 35. h4 Kf8 36. h5 Re6 37. f3 Ra3 38. Rb8 Re8 39. d4 exd4 40. Nxd4 Ra4 41. Nf5 Rxc4 42. Nexd6 cxd6 43. Nxd6 Rc5 44. Nxe8 Rxh5+ 45. Kg3 Kxe8 46. Ra8 Rg5+ 47. Kh3 Rg6 48. f4 Rd6 49. Ra3 Kf7 50. Rc3 Kg6 51. Rg3+ Kf5 52. Rg7 Kxf4 53. g3+ Kf3 54. Rf7+ Ke4 55. Rxh7 Rg6 56. Ra7 Bg5 57. Kg2 Rb6 58. Ra4+ Kf5 59. Ra5+ Kg4 60. Ra4+ Kh5 61. Ra3 Rb4 62. Kf3 Rd4 63. Rb3 Rd1 64. Ra3 Rd2 65. Rb3 Ra2 66. Rd3 Ra5 67. Rb3 Kg6 68. Rd3 Kf5 69. Rb3 Bf6 70. Kg2 Be5 71. Kf3 Ra4 72. Rd3 h5 73. Rb3 Ra2 74. Rd3 Rc2 75. Re3 Bd4 76. Re2 Rxe2 0-1

[Event "Fagernes GM Swiss 2020"]
[Site "Fagernes"]
[Date "2020.10.09"]
[Round "7.12"]
[White "Oye-Stromberg, Alexander"]
[Black "Dolzhikova, Olga"]
[Result "1-0"]
[ECO "B26"]
[WhiteElo "2048"]
[BlackElo "2208"]
[Annotator "ChessBase"]
[PlyCount "67"]
[EventDate "2020.10.04"]
[EventType "swiss"]
[EventCountry "NOR"]
[SourceTitle "playchess.com"]
[Source "ChessBase"]
[SourceQuality "1"]
[TimeControl "40/6000+30:2400+30"]

1. e4 g6 2. Nc3 Bg7 3. g3 c5 4. Bg2 Nc6 5. d3 d6 6. Be3 a6 7. Qd2 b5 8. f4 b4 9. Nd1 Bb7 10. Ne2 Nf6 11. h3 Nd7 12. O-O Qc7 13. g4 h5 14. g5 Nd4 15. Bxd4 cxd4 16. Qxb4 a5 17. Qd2 a4 18. c4 dxc3 19. Ndxc3 O-O 20. f5 a3 21. b3 gxf5 22. Rxf5 Ne5 23. d4 Ng6 24. Rc1 Qd7 25. Ng3 Nh4 26. Rf2 Nxg2 27. Kxg2 h4 28. Nf5 Rac8 29. Qf4 e5 30. Qxh4 exd4 31. g6 fxg6 32. Ne7+ Qxe7 33. Qxe7 Rxc3 34. Rxc3 1-0

[Event "Fagernes GM Swiss 2020"]
[Site "Fagernes"]
[Date "2020.10.09"]
[Round "7.13"]
[White "Shehzad, Shazil"]
[Black "Nilsen, Tobias Lang"]
[Result "0-1"]
[ECO "C00"]
[WhiteElo "2188"]
[BlackElo "2146"]
[Annotator "ChessBase"]
[PlyCount "60"]
[EventDate "2020.10.04"]
[EventType "swiss"]
[EventCountry "NOR"]
[SourceTitle "playchess.com"]
[Source "ChessBase"]
[SourceQuality "1"]
[TimeControl "40/6000+30:2400+30"]

1. e4 e6 2. d3 d5 3. Qe2 Nf6 4. Nf3 Be7 5. g3 c5 6. Bg2 Nc6 7. O-O O-O 8. e5 Nd7 9. c4 b5 10. cxd5 exd5 11. d4 cxd4 12. Rd1 Qb6 13. e6 Nf6 14. exf7+ Rxf7 15. Ne5 Nxe5 16. Qxe5 Bc5 17. Rf1 Bg4 18. f3 Re8 19. Qg5 h6 20. Qg6 Bh5 21. Qd3 Nd7 22. b4 Bxb4 23. Qb3 Bc5 24. Nd2 Bg6 25. Qxd5 Nf6 26. Qb3 Bc2 27. Qb2 d3+ 28. Kh1 Bd4 29. Qa3 b4 30. Nc4 bxa3 0-1

[Event "Fagernes GM Swiss 2020"]
[Site "Fagernes"]
[Date "2020.10.09"]
[Round "7.14"]
[White "Tenold, Andreas"]
[Black "Torngren, Gustav"]
[Result "1/2-1/2"]
[ECO "E83"]
[WhiteElo "1935"]
[BlackElo "2185"]
[Annotator "ChessBase"]
[PlyCount "100"]
[EventDate "2020.10.04"]
[EventType "swiss"]
[EventCountry "NOR"]
[SourceTitle "playchess.com"]
[Source "ChessBase"]
[SourceQuality "1"]
[TimeControl "40/6000+30:2400+30"]

1. d4 Nf6 2. c4 g6 3. f3 Bg7 4. e4 d6 5. Nc3 O-O 6. Nge2 Nc6 7. Be3 a6 8. Qd2 Na5 9. Nc1 Nd7 10. Be2 c5 11. d5 Ne5 12. b3 e6 13. Bg5 Qe8 14. Bh6 Bxh6 15. Qxh6 f5 16. f4 Nf7 17. Qh4 Qd8 18. Qxd8 Rxd8 19. exf5 gxf5 20. a3 exd5 21. Nxd5 Nc6 22. Bd3 Nd4 23. Ne2 Nxb3 24. Rb1 Na5 25. O-O Rb8 26. Ng3 Be6 27. Rbe1 Bxd5 28. cxd5 b5 29. Nxf5 c4 30. Ne7+ Kh8 31. Bc2 b4 32. Rf3 b3 33. Bxh7 Kxh7 34. Rh3+ Kg7 35. Rg3+ Kh7 36. Rh3+ Nh6 37. Re6 b2 38. Rhxh6+ Kg7 39. Nf5+ Kf8 40. Rhf6+ Kg8 41. Rg6+ Kh8 42. Rh6+ Kg8 43. Reg6+ Kf8 44. Rf6+ Kg8 45. Ne7+ Kg7 46. Rhg6+ Kh8 47. Rh6+ Kg7 48. Rhg6+ Kh8 49. Rh6+ Kg7 50. Rfg6+ Kf8 1/2-1/2

[Event "Fagernes GM Swiss 2020"]
[Site "Fagernes"]
[Date "2020.10.09"]
[Round "7.15"]
[White "Kvaloy, Aksel Bu"]
[Black "Eliseev, Sergey"]
[Result "1-0"]
[ECO "B90"]
[WhiteElo "2174"]
[BlackElo "2025"]
[Annotator "ChessBase"]
[PlyCount "85"]
[EventDate "2020.10.04"]
[EventType "swiss"]
[EventCountry "NOR"]
[SourceTitle "playchess.com"]
[Source "ChessBase"]
[SourceQuality "1"]
[TimeControl "40/6000+30:2400+30"]

1. e4 c5 2. Nf3 d6 3. d4 Nf6 4. Nc3 cxd4 5. Nxd4 a6 6. Be3 Ng4 7. Bc1 Nf6 8. h3 e5 9. Nb3 Be6 10. f4 exf4 11. Bxf4 Nc6 12. Qe2 Be7 13. O-O-O Nd7 14. Bxd6 Bxd6 15. Rxd6 Qg5+ 16. Qd2 Qe5 17. Be2 Ke7 18. Rd1 Nf6 19. Nd4 Nxd4 20. Rxd4 b5 21. Nd5+ Bxd5 22. exd5 Qd6 23. Bf3 Rhe8 24. Re1+ Kf8 25. Rxe8+ Nxe8 26. Qf4 Qxf4+ 27. Rxf4 Rc8 28. Kd2 Ke7 29. Kd3 Nf6 30. b3 Kd6 31. c4 Nd7 32. Kd4 Ne5 33. Be2 bxc4 34. bxc4 Rc5 35. Rf1 Ra5 36. Rb1 f6 37. Rb7 Nd7 38. Bg4 Nc5 39. Rb6+ Ke7 40. Rc6 Na4 41. d6+ Kf7 42. d7 f5 43. d8=Q 1-0

[Event "Fagernes GM Swiss 2020"]
[Site "Fagernes"]
[Date "2020.10.09"]
[Round "7.16"]
[White "Holleland, Sigve"]
[Black "Lund, Gunnar"]
[Result "0-1"]
[ECO "C84"]
[WhiteElo "2133"]
[BlackElo "2302"]
[Annotator "ChessBase"]
[PlyCount "80"]
[EventDate "2020.10.04"]
[EventType "swiss"]
[EventCountry "NOR"]
[SourceTitle "playchess.com"]
[Source "ChessBase"]
[SourceQuality "1"]
[TimeControl "40/6000+30:2400+30"]

1. e4 e5 2. Nf3 Nc6 3. Bb5 a6 4. Ba4 Nf6 5. d3 d6 6. Nbd2 Be7 7. Nf1 b5 8. Bb3 Na5 9. Ng3 O-O 10. c3 Nxb3 11. axb3 Re8 12. O-O Bf8 13. d4 exd4 14. Qxd4 c5 15. Qd3 Nxe4 16. Nxe4 Bf5 17. Re1 d5 18. Bg5 Rxe4 19. Qxe4 dxe4 20. Bxd8 Rxd8 21. Ne5 Rd2 22. Red1 Rxb2 23. g4 Be6 24. Rxa6 g5 25. Rd8 Kg7 26. Re8 Bxb3 27. Nd7 b4 28. cxb4 Rb1+ 29. Kg2 Bc4 30. Rf6 Bf1+ 31. Kg3 Bd6+ 32. f4 Bxf4+ 33. Rxf4 gxf4+ 34. Kxf4 Bb5 35. Re7 e3 36. Ne5 e2 37. Nf3 Rxb4+ 38. Ke3 Kf6 39. Rc7 Rb3+ 40. Kf2 Rxf3+ 0-1

[Event "Fagernes GM Swiss 2020"]
[Site "Fagernes"]
[Date "2020.10.09"]
[Round "7.17"]
[White "Krivenko, Dion"]
[Black "Fossan, Aleksander"]
[Result "1-0"]
[ECO "B27"]
[WhiteElo "2047"]
[BlackElo "2171"]
[Annotator "ChessBase"]
[PlyCount "114"]
[EventDate "2020.10.04"]
[EventType "swiss"]
[EventCountry "NOR"]
[SourceTitle "playchess.com"]
[Source "ChessBase"]
[SourceQuality "1"]
[TimeControl "40/6000+30:2400+30"]

1. e4 c5 2. Nf3 g6 3. d4 cxd4 4. Qxd4 Nf6 5. e5 Nc6 6. Qa4 Nd5 7. Qe4 Ndb4 8. Bb5 a6 9. Bxc6 Nxc6 10. Nc3 d6 11. exd6 Qxd6 12. Bf4 Qe6 13. O-O-O Qxe4 14. Nxe4 Bg7 15. Nc5 O-O 16. h3 e5 17. Be3 Re8 18. Nd2 b6 19. Nce4 Be6 20. Bg5 f5 21. Nf6+ Bxf6 22. Bxf6 Kf7 23. Bg5 Rac8 24. Nf3 e4 25. Nd4 Nb4 26. Nxe6 Kxe6 27. Rd2 Rc6 28. a3 Nd3+ 29. Kb1 Ne5 30. Rhd1 Nf7 31. Be3 Rec8 32. Re1 g5 33. g3 Kf6 34. Red1 Ke6 35. Rh1 Ne5 36. Rhd1 h6 37. Rd8 b5 38. Rxc8 Rxc8 39. b3 Rf8 40. Bc5 Rc8 41. Rd6+ Kf7 42. Bd4 Nf3 43. Bb2 Rc5 44. b4 Rc4 45. Rxh6 Ne1 46. Rf6+ Ke7 47. Rxf5 Kd6 48. h4 gxh4 49. gxh4 Rxc2 50. h5 Rc7 51. h6 Rh7 52. Bg7 Nd3 53. Kc2 Ke6 54. Rf6+ Kd5 55. Kd2 Kc4 56. Ke3 Kb3 57. Kxe4 Nb2 1-0

[Event "Fagernes GM Swiss 2020"]
[Site "Fagernes"]
[Date "2020.10.09"]
[Round "7.18"]
[White "Brodtkorb, Lars Johan"]
[Black "Mansoor, Afras"]
[Result "0-1"]
[ECO "E81"]
[WhiteElo "2166"]
[BlackElo "2117"]
[Annotator "ChessBase"]
[PlyCount "56"]
[EventDate "2020.10.04"]
[EventType "swiss"]
[EventCountry "NOR"]
[SourceTitle "playchess.com"]
[Source "ChessBase"]
[SourceQuality "1"]
[TimeControl "40/6000+30:2400+30"]

1. d4 Nf6 2. c4 g6 3. f3 Bg7 4. e4 d6 5. Nc3 O-O 6. Be3 a6 7. Qd2 Nbd7 8. O-O-O b5 9. e5 b4 10. Na4 Ne8 11. c5 c6 12. f4 Qa5 13. b3 Nc7 14. Bc4 Nd5 15. Ne2 Rd8 16. h4 Nf8 17. h5 dxc5 18. hxg6 hxg6 19. Rh4 Be6 20. Rdh1 Nxe3 21. Bxe6 cxd4 22. Nxd4 Nxe6 23. Qxe3 Nxd4 24. Rh7 f5 25. exf6 Bxf6 26. g4 Qb5 27. g5 Qe2 28. Qxd4 Bxd4 0-1